 Dungeon Crawl Stone Soup version 0.24.1-5-g77f818bfca (webtiles) character file.

Game seed: 16558494373641213782, levelgen mode: deterministic

134876 greeedy the Covert (level 16, -3/117 HPs)
             Began as a Demonspawn Gladiator on Apr 22, 2020.
             Was a Believer of Uskayaw.
             Slain by a ghost moth (13 damage)
             ... on level 4 of the Spider Nest.
             The game lasted 01:47:37 (32131 turns).

greeedy the Covert (Demonspawn Gladiator)          Turns: 32131, Time: 01:47:38

Health: -3/117     AC: 17    Str: 15    XL:     16   Next: 63%
Magic:  0/25       EV: 13    Int: 13    God:    Uskayaw [**....]
Gold:   1886       SH:  0    Dex: 30    Spells: 15/15 levels left

rFire    . . .     SeeInvis .   C - +2 short sword (elec)
rCold    + . .     Gourm    .   b - +2 buckler
rNeg     + . .     Faith    +   O - +0 steam dragon scales
rPois    +         Spirit   .   x - +0 helmet {Int+3}
rElec    .         Reflect  .   R - +0 cloak
rCorr    .         Harm     .   Z - +1 pair of gloves
MR       +++++                  z - +1 pair of boots
Stlth    +++++++++.             Q - amulet of faith
HPRegen  0.29/turn              V - ring of Lystrewec {*Contam rPois rC+ rN+ MR+++}
MPRegen  0.19/turn              E - ring "Yhamunn" {MR+ Dex+7 Stlth+}

@: about to teleport, held
A: talons 2, iridescent scales 1, agile 1, nightstalker 2, powered by pain 3,
wild magic 1
a: Stomp, Line Pass, Renounce Religion


You were on level 4 of the Spider Nest.
You worshipped Uskayaw.
Uskayaw was pleased with you.
You were hungry.

You visited 5 branches of the dungeon, and saw 28 of its levels.
You also visited: Bailey and Ice Cave.

You collected 3556 gold pieces.
You spent 1670 gold pieces at shops.

Inventory:

Hand Weapons
 g - a +3 short sword of venom
 C - a +2 short sword of electrocution (weapon)
Missiles
 d - 6 throwing nets (quivered)
Armour
 b - a +2 buckler (worn)
 x - a +0 helmet of intelligence (worn)
 z - a +1 pair of boots (worn)
 O - +0 steam dragon scales (worn)
 R - a +0 cloak (worn)
 U - a scarf of cloud immunity
 Z - a +1 pair of gloves (worn)
Jewellery
 k - an uncursed ring of protection from fire
 u - a +4 ring of evasion
 E - the ring "Yhamunn" (right hand) {MR+ Dex+7 Stlth+}
   (You bought it in a shop on level 9 of the Dungeon)

   [ring of stealth]

   It affects your dexterity (+7).
   It affects your resistance to hostile enchantments.
   It makes you more stealthy.
 I - an uncursed ring of wizardry
 L - an uncursed ring of protection from cold
 Q - an amulet of faith (around neck)
 S - an uncursed ring of see invisible
 V - the ring of Lystrewec (left hand) {*Contam rPois rC+ rN+ MR+++}
   (You bought it in a shop on level 9 of the Dungeon)

   [ring of poison resistance]

   It protects you from cold.
   It protects you from poison.
   It protects you from negative energy.
   It affects your resistance to hostile enchantments.
   It causes magical contamination when unequipped.
Wands
 a - a wand of scattershot (5)
 c - a wand of polymorph (7)
 v - a wand of iceblast (33)
 y - a wand of flame (30)
 B - a wand of digging (7)
 P - a wand of disintegration (11)
 T - a wand of acid (10)
Scrolls
 h - 6 scrolls of amnesia
 j - 4 scrolls of fear
 m - 4 scrolls of brand weapon
 o - 2 scrolls of enchant weapon
 p - 8 scrolls of enchant armour
 r - 3 scrolls of blinking
 s - 5 scrolls of remove curse
 A - 6 scrolls of teleportation
 D - a scroll of fog {unknown}
 G - 4 scrolls of summoning
 H - a scroll of silence {unknown}
 X - a scroll of holy word {unknown}
Potions
 e - 5 potions of brilliance
 l - a potion of agility
 n - 9 potions of haste
 q - a potion of mutation
 t - a potion of might
 w - 4 potions of heal wounds
 F - 2 potions of resistance
 J - 4 potions of lignification
 M - a potion of invisibility
 N - 3 potions of cancellation
 W - 2 potions of flight
 Y - 3 potions of curing
Comestibles
 f - 30 rations


   Skills:
 - Level 8.0 Fighting
 - Level 13.7(14.0) Short Blades
   Level 4.5(10.2) Long Blades
 - Level 1.7 Throwing
 - Level 10.0 Armour
 - Level 12.0 Dodging
 - Level 14.0 Stealth
 + Level 8.3 Shields
 - Level 12.0 Invocations


You had 15 spell levels left.
You didn't know any spells.
Your spell library contained the following spells:

 Spells                   Type           Power        Failure   Level  Hunger
 Animate Skeleton         Necr           N/A          38%         1    ##.....
 Apportation              Tloc           #.....       38%         1    ##.....
 Confusing Touch          Hex            #.....       38%         1    ##.....
 Corona                   Hex            #......      38%         1    ##.....
 Freeze                   Ice            #...         38%         1    ##.....
 Infusion                 Chrm           #...         38%         1    ##.....
 Magic Dart               Conj           #...         38%         1    ##.....
 Summon Small Mammal      Summ           #...         38%         1    ##.....
 Blink                    Tloc           N/A          52%         2    ###....
 Call Imp                 Summ           #.......     52%         2    ###....
 Ensorcelled Hibernation  Hex/Ice        #.....       52%         2    ###....
 Shroud of Golubria       Chrm/Tloc      #.....       52%         2    ###....
 Slow                     Hex            #.......     52%         2    ###....
 Song of Slaying          Chrm           #.......     52%         2    ###....
 Throw Frost              Conj/Ice       #.....       52%         2    ###....
 Confuse                  Hex            #.......     75%         3    ####...
 Conjure Flame            Conj/Fire      #.......     75%         3    ####...
 Dazzling Spray           Conj/Hex       #.....       75%         3    ####...
 Gell's Gravitas          Tloc           #.........   75%         3    ####...
 Mephitic Cloud           Conj/Pois/Air  #.......     75%         3    ####...
 Ozocubu's Armour         Chrm/Ice       #.......     75%         3    ####...
 Regeneration             Chrm/Necr      #.........   75%         3    ####...
 Spectral Weapon          Hex/Chrm       #.......     75%         3    ####...
 Tukima's Dance           Hex            #.......     75%         3    ####...
 Ice Form                 Ice/Tmut       #.......     98%         4    #####..
 Petrify                  Tmut/Erth      #.......     98%         4    #####..
 Summon Ice Beast         Ice/Summ       #.......     98%         4    #####..
 Throw Icicle             Conj/Ice       #.......     98%         4    #####..
 Bolt of Magma            Conj/Fire/Erth #.........   100%        5    ######.
 Iskenderun's Battlesphe  Conj/Chrm      #.......     100%        5    ######.
 Metabolic Englaciation   Hex/Ice        #.........   100%        5    ######.
 Venom Bolt               Conj/Pois      #.........   100%        5    ######.
 Yara's Violent Unravell  Hex/Tmut       #.........   100%        5    ######.
 Bolt of Cold             Conj/Ice       #.........   100%        6    #######
 Freezing Cloud           Conj/Ice/Air   #.........   100%        6    #######
 Iron Shot                Conj/Erth      #.........   100%        6    #######
 Ozocubu's Refrigeration  Ice            #.........   100%        6    #######
 Simulacrum               Ice/Necr       #.........   100%        6    #######
 Orb of Destruction       Conj           #.........   100%        7    #######
 Spellforged Servitor     Conj/Summ      #.........   100%        7    #######


Dungeon Overview and Level Annotations

Branches:
Dungeon (15/15)            Temple (1/1) D:6            Lair (6/6) D:10
 Shoals (0/4) Lair:4       Spider (4/4) Lair:4        Slime (0/5) Lair:6
    Orc (2/2) D:12            Elf (0/3) Orc:2        Vaults (0/5) D:13
 Depths (0/5) D:15         Bailey (visited)           IceCv (visited)

Altars:
Ashenzari
Cheibriados
Dithmenos
Elyvilon
Fedhas
Gozag
Hepliaklqana
Kikubaaqudgha
Makhleb
Nemelex Xobeh
Okawaru
Qazlal
Ru
Sif Muna
Trog
Uskayaw
Vehumet
Wu Jian
Xom
Yredelemnul
Zin
The Shining One
Beogh

Shops:
D:6 }   D:9 =   D:10 (   Orc:2 *?*(=

Annotations:
D:5 exclusion: Blork the orc
D:7 3 runed translucent doors, orehx's ghost, amateur MiFi
D:15 2 runed translucent doors, exclusion: orange crystal statue, Roxanne
Lair:1 3 runed translucent doors, DOPEyDwarf's ghost, journeyman DECj
Lair:6 exclusion: 2 oklob plants


Innate Abilities, Weirdness & Mutations

You have razor-sharp toenails.
You are partially covered in iridescent scales. (AC +2)
You are significantly more attuned to the shadows.
You are powered by pain.
You are agile. (Dex +2)
Your spells are a little harder to cast, but a little more powerful.


Message History

The wolf spider is severely wounded.
You feel you are being watched by something.
You feel your power leaking away.
The jumping spider leaps!
Deactivating autopickup; reactivate with Ctrl-A.
You barely miss something.
The orb spider pulsates with a strange energy.
Okay, then.
As you read the scroll of teleportation, it crumbles to dust.
You feel strangely unstable. The wolf spider closely misses you.
The wolf spider barely misses you.
You feel you are being watched by something.
You block something's attack. Something barely misses you.
Something closely misses you. The jumping spider pounces on you.
* * * LOW HITPOINT WARNING * * *
You are caught in a web!
The jumping spider bites you.
* * * LOW HITPOINT WARNING * * *
The wolf spider hits you but does no damage.
The wolf spider misses you. Something hits you!
You die...

#^.............^.....#
#^.....†#.....^#.....^#
#........#≈^.^..#^....^#
#≈......^#^...^.#......
#####...≈#.^..^.#^.....
###.^#≈...^.#
##^#^.^.^^# ###......#
##^s@{^## #^^#s#.#
##≈..s.^# #≈.....s#
##....^.^# #...s...^#
#^.....s≈# #^....†.##
##≈≈...^#


You could see an emperor scorpion, a wolf spider, an orb spider and 2 jumping
spiders.

Vanquished Creatures
  Arachne (Spider:2)
  Rupert (D:12)
  Kirke (Spider:2)
  The ghost of Mesmaeker13 the Warrior, an adept DsGl of Ashenzari (Spider:1)
  4 entropy weavers
  Nessos (D:15)
  Azrael (D:14)
  A spark wasp (Spider:4)
  Snorg (Lair:4)
  Erolcha (D:13)
  5 hydras
  Harold (D:9)
  2 catoblepae (Lair:6)
  2 centaur warriors (D:13)
  17 two-headed ogres
  4 ogre magi (Orc:2)
  A dancing weapon (Spider:1)
  An unseen horror (D:15)
  A wolf spider zombie (D:13)
  4 deep elf magi
  21 wolf spiders
  3 orc knights
  2 necromancers
  A cyclops (D:13)
  3 orc sorcerers
  A manticore (D:14)
  10 ugly things
  10 orb spiders
  8 elephants (Lair:6)
  A black mamba (Lair:6)
  3 centaur zombies
  2 gargoyles
  An ice statue (IceCv)
  6 spiny frogs
  2 kobold demonologists
  An efreet (D:14)
  8 demonic crawlers
  10 freezing wraiths (IceCv)
  9 komodo dragons
  A tengu conjurer (D:15)
  4 rime drakes (Lair:5)
  4 polar bears
  38 jumping spiders
  6 trolls
  7 hornets
  A blink frog (Lair:6)
  7 dream sheep
  7 hippogriffs
  8 slime creatures
  2 meliai zombies
  Sigmund (D:4)
  18 tarantellas
  12 spriggans
  A vampire (D:13)
  54 redbacks
  4 water elementals (D:13)
  4 wraiths
  48 yaks
  5 basilisks
  4 wyverns
  6 humans (Spider:2)
  4 fire elementals (D:14)
  4 vampire mosquitoes (D:15)
  3 hungry ghosts
  A death yak simulacrum (IceCv)
  2 steam dragons
  A warg (Orc:2)
  Menkaure (D:7)
  8 water moccasins
  4 hell hounds (D:14)
  3 acid dragons
  2 soldier ants
  9 porcupines
  28 orc warriors
  A hornet zombie (D:15)
  2 sky beasts
  A meliai simulacrum (D:15)
  12 ice beasts
  6 black bears
  2 phantoms
  An eye of draining (D:13)
  A necrophage (D:9)
  30 ogres
  5 boggarts (Lair:6)
  5 centaurs
  29 wolves
  13 crocodiles
  2 big kobolds
  11 bullfrogs
  Blork the orc (D:5)
  A wyvern skeleton (D:14)
  2 scorpions
  3 killer bees (D:12)
  A vampire bat (Lair:6)
  5 wights (D:13)
  6 howler monkeys
  9 electric eels
  A bullfrog zombie (D:11)
  3 crimson imps
  2 draconian simulacra (IceCv)
  8 hounds
  A quasit (D:15)
  3 centaur skeletons
  A gnoll shaman (D:9)
  8 jellies
  12 orc priests
  13 orc wizards
  Jessica (D:2)
  4 bullfrog skeletons
  3 iguanas
  2 spriggan simulacra (IceCv)
  14 worker ants
  2 polar bear simulacra (IceCv)
  A wolf simulacrum (IceCv)
  5 troll simulacra (IceCv)
  A killer bee zombie (D:8)
  4 centaur simulacra
  A hound skeleton (D:9)
  A worker ant zombie (D:5)
  7 naga simulacra (IceCv)
  9 adders
  7 gnolls
  An ogre simulacrum (IceCv)
  3 shadow imps
  24 white imps
  An ufetubus (D:11)
  An adder skeleton (D:5)
  4 worms
  A dart slug (D:1)
  4 leopard geckos
  93 orcs
  9 giant cockroaches
  6 goblins
  3 hobgoblins
  6 jackals
  6 quokkas
  12 bats
  3 frilled lizards
  A jackal skeleton (D:5)
  20 kobolds
  A quokka skeleton (D:4)
  9 rats
  2 plants (D:13)
938 creatures vanquished.

Vanquished Creatures (others)
  A harpy skeleton (D:14)
  20 fungi
  17 plants
38 creatures vanquished.

Grand Total: 976 creatures vanquished

Notes
Turn   | Place    | Note
-------+----------+-------------------------------------------
     0 | D:1      | greeedy the Demonspawn Gladiator began the quest for the
                  | Orb.
     0 | D:1      | Reached XP level 1. HP: 16/16 MP: 1/1
   321 | D:1      | Gained mutation: You are partially covered in iridescent
                  | scales. (AC +2) [demonic ancestry]
   321 | D:1      | Reached XP level 2. HP: 20/22 MP: 2/2
   896 | D:2      | Noticed Jessica
  1052 | D:2      | Gained mutation: You sometimes gain a little power by
                  | taking damage. [demonic ancestry]
  1052 | D:2      | Reached XP level 3. HP: 23/27 MP: 3/3
  1113 | D:2      | Killed Jessica
  1482 | D:3      | Found a shadowy altar of Dithmenos.
  1801 | D:3      | Gained mutation: You are slightly more attuned to the
                  | shadows. [demonic ancestry]
  1801 | D:3      | Reached XP level 4. HP: 33/33 MP: 4/4
  2054 | D:3      | Reached skill level 1 in Stealth
  2101 | D:3      | Reached skill level 1 in Short Blades
  2415 | D:4      | Noticed a bullfrog
  2420 | D:4      | Reached XP level 5. HP: 38/38 MP: 5/5
  2450 | D:4      | Found a blossoming altar of Fedhas.
  2452 | D:4      | Found a white marble altar of Elyvilon.
  2453 | D:4      | Found a stormy altar of Qazlal.
  2453 | D:4      | Found a sacrificial altar of Ru.
  2454 | D:4      | Found a sparkling altar of Nemelex Xobeh.
  2459 | D:4      | Found an opulent altar of Gozag.
  2459 | D:4      | Found an ornate altar of the Wu Jian Council.
  2612 | D:4      | Reached skill level 2 in Stealth
  2616 | D:4      | Reached XP level 6. HP: 15/44 MP: 6/6
  2915 | D:4      | Noticed Sigmund
  3290 | D:5      | Entered Level 5 of the Dungeon
  3297 | D:5      | Found an ancient bone altar of Kikubaaqudgha.
  3361 | D:5      | Reached skill level 3 in Stealth
  3418 | D:5      | Reached skill level 1 in Armour
  3418 | D:5      | Reached XP level 7. HP: 47/50 MP: 7/7
  3550 | D:5      | Noticed Blork the orc
  4406 | D:6      | Gained mutation: You have sharp toenails. [demonic
                  | ancestry]
  4406 | D:6      | Reached XP level 8. HP: 56/56 MP: 8/8
  4469 | D:6      | Found Irphisexe's Gadget Emporium.
  4480 | D:6      | Reached skill level 4 in Stealth
  4637 | D:6      | Found a staircase to the Ecumenical Temple.
  4658 | Temple   | Entered the Ecumenical Temple
  4764 | Temple   | Became a worshipper of Uskayaw the Reveler
  4817 | D:6      | Reached * piety under Uskayaw
  4974 | D:6      | Reached skill level 5 in Short Blades
  5277 | D:7      | Noticed Menkaure
  5414 | D:7      | Reached ** piety under Uskayaw
  5437 | D:7      | Reached skill level 5 in Dodging
  5622 | D:7      | Reached skill level 1 in Invocations
  5702 | D:7      | Killed Menkaure
  5764 | D:7      | Reached *** piety under Uskayaw
  5782 | D:7      | Noticed orehx's ghost (amateur MiFi)
  5783 | D:7      | Found a runed translucent gate.
  5783 | D:7      | Found a runed translucent gate.
  5783 | D:7      | Found a runed translucent gate.
  6117 | D:5      | Killed Blork the orc
  6225 | D:4      | Killed Sigmund
  6225 | D:4      | Reached XP level 9. HP: 57/61 MP: 10/12
  6694 | D:8      | Reached skill level 5 in Invocations
  6786 | D:8      | Reached **** piety under Uskayaw
  6889 | D:8      | You fall into a shaft and drop 2 floors!
  6889 | D:10     | Entered Level 10 of the Dungeon
  7006 | D:10     | Got a distressingly furry robe
  7017 | D:10     | Identified the +2 robe of Elitism {rElec Str-3 Int+2} (You
                  | found it on level 10 of the Dungeon)
  7035 | D:10     | Noticed a two-headed ogre
  7462 | D:8      | Got a scorched scale mail
  8304 | D:8      | Found a basalt altar of Yredelemnul.
  8330 | D:9      | Found Jaotty's Jewellery Shoppe.
  8354 | D:9      | Identified the cursed +1 scale mail of Valiance {rC+ Str+5}
                  | (You found it on level 8 of the Dungeon)
  8486 | D:9      | Noticed a troll
  8498 | D:9      | Killed a troll
  8519 | D:9      | Found a roughly hewn altar of Beogh.
  8542 | D:9      | Gained mutation: You have razor-sharp toenails. [demonic
                  | ancestry]
  8542 | D:9      | Reached XP level 10. HP: 48/67 MP: 15/15
  8578 | D:9      | Reached ***** piety under Uskayaw
  8604 | D:9      | Reached ****** piety under Uskayaw
  8719 | D:9      | Found a hazy altar of Hepliaklqana.
  8719 | D:9      | Found a snail-covered altar of Cheibriados.
  8812 | D:9      | Noticed Harold
  8826 | D:9      | Killed Harold
  9162 | D:9      | Bought the ring of Lystrewec {*Contam rPois rC+ rN+ MR+++}
                  | for 569 gold pieces
  9485 | D:10     | Reached skill level 10 in Short Blades
  9559 | D:10     | Killed a two-headed ogre
  9741 | D:10     | Reached XP level 11. HP: 71/78 MP: 17/17
  9817 | D:10     | Found a staircase to the Lair.
  9857 | Lair:1   | Entered Level 1 of the Lair of Beasts
 10407 | Lair:1   | Reached skill level 5 in Armour
 10520 | Lair:1   | Found a runed translucent gate.
 10520 | Lair:1   | Found a runed translucent gate.
 10520 | Lair:1   | Found a runed translucent gate.
 10937 | Lair:1   | Noticed DOPEyDwarf's ghost (journeyman DECj)
 11141 | Lair:2   | Upgraded the game from 0.24.1-4-ge52af88ad5 to
                  | 0.24.1-5-g77f818bfca
 11169 | Lair:2   | Reached skill level 5 in Fighting
 12341 | Lair:3   | Got a fine leather armour
 12352 | Lair:3   | Identified the +0 leather armour "Tinteh" {MR+ Dex+2} (You
                  | found it on level 3 of the Lair of Beasts)
 12818 | Lair:4   | Noticed Snorg
 12839 | Lair:4   | Killed Snorg
 13034 | Lair:4   | Found a staircase to the Shoals.
 13243 | Lair:4   | Gained mutation: You are significantly more attuned to the
                  | shadows. [demonic ancestry]
 13243 | Lair:4   | Reached XP level 12. HP: 60/88 MP: 18/18
 13358 | Lair:4   | Found a hole to the Spider Nest.
 13968 | Lair:5   | Noticed a six-headed hydra
 14201 | Lair:5   | Killed a six-headed hydra
 14664 | Lair:5   | Noticed a six-headed hydra
 14679 | Lair:5   | Killed a six-headed hydra
 15163 | Lair:6   | Entered Level 6 of the Lair of Beasts
 15163 | Lair:6   | Noticed an eight-headed hydra
 15176 | Lair:6   | Killed an eight-headed hydra
 15394 | Lair:6   | Reached skill level 5 in Stealth
 15438 | Lair:6   | Noticed a five-headed hydra
 15443 | Lair:6   | Killed a five-headed hydra
 15473 | Lair:6   | Found a staircase to the Slime Pits.
 15577 | Lair:6   | Gained mutation: You sometimes gain power by taking damage.
                  | [demonic ancestry]
 15577 | Lair:6   | Reached XP level 13. HP: 93/93 MP: 20/20
 15973 | Lair:6   | Reached skill level 10 in Invocations
 15976 | Lair:6   | Reached skill level 6 in Stealth
 16343 | Lair:6   | Reached skill level 1 in Shields
 16476 | Lair:6   | Reached skill level 7 in Stealth
 17202 | D:9      | Bought the ring "Yhamunn" {MR+ Dex+7 Stlth+} for 582 gold
                  | pieces
 17275 | D:10     | Found Toom's Antique Weapon Shop.
 17681 | D:11     | Found a frozen archway.
 17738 | IceCv    | Entered an ice cave
 18769 | IceCv    | Found an ancient bone altar of Kikubaaqudgha.
 19449 | D:11     | Reached skill level 8 in Stealth
 19920 | D:12     | Reached XP level 14. HP: 100/100 MP: 22/22
 20082 | D:12     | Found a staircase to the Orcish Mines.
 20205 | D:12     | You fall into a shaft and drop 3 floors!
 20205 | D:15     | Entered Level 15 of the Dungeon
 20354 | D:14     | Found a flagged portal.
 20378 | Bailey   | Entered a bailey
 20654 | D:14     | Found an ancient bone altar of Kikubaaqudgha.
 20896 | D:14     | Noticed Azrael
 20935 | D:14     | Killed Azrael
 20935 | D:14     | Reached skill level 10 in Dodging
 20935 | D:14     | Reached skill level 9 in Stealth
 21524 | D:15     | Noticed Roxanne
 21697 | D:12     | Noticed Rupert
 21712 | D:12     | Killed Rupert
 22107 | Orc:1    | Entered Level 1 of the Orcish Mines
 22108 | Orc:1    | Reached skill level 10 in Stealth
 22111 | Orc:1    | You fall into a shaft and drop 1 floor!
 22111 | Orc:2    | Entered Level 2 of the Orcish Mines
 22111 | Orc:2    | Found Bugiogg's Antique Weapon Shop.
 22111 | Orc:2    | Found Esiesut's Magic Scroll Emporium.
 22111 | Orc:2    | Found Heyfah's Jewellery Shoppe.
 22111 | Orc:2    | Found Ofihuk's Assorted Antiques.
 22133 | Orc:2    | Reached skill level 11 in Stealth
 22161 | Orc:2    | Reached skill level 12 in Stealth
 22186 | Orc:2    | Bought a warped ring mail for 279 gold pieces
 22210 | Orc:2    | Identified the cursed +0 ring mail "Hero's Friend" {rC+
                  | Dex+4 Stlth+} (You bought it in a shop on level 2 of the
                  | Orcish Mines)
 22473 | Orc:2    | Gained mutation: Your spells are a little harder to cast,
                  | but a little more powerful. [potion of mutation]
 22473 | Orc:2    | Gained mutation: You are agile. (Dex +2) [potion of
                  | mutation]
 22485 | Orc:2    | Identified a scroll of acquirement
 22494 | Orc:2    | Bought a scroll of brand weapon for 240 gold pieces
 22604 | Orc:2    | Found a staircase to the Elven Halls.
 22682 | Orc:2    | Found Voeneyh's Mass Market.
 23759 | D:13     | Noticed Erolcha
 23764 | D:13     | Killed Erolcha
 23764 | D:13     | Gained mutation: You are powered by pain. [demonic
                  | ancestry]
 23764 | D:13     | Reached XP level 15. HP: 105/105 MP: 24/24
 23793 | D:13     | Found a gate to the Vaults.
 25748 | D:13     | Reached skill level 5 in Shields
 25892 | D:15     | Found a runed translucent door.
 25918 | D:15     | Found a runed translucent door.
 25929 | D:15     | Found a runed translucent door.
 26176 | D:15     | Found a runed translucent door.
 26217 | D:15     | Found a staircase to the Depths.
 26285 | D:15     | Noticed Nessos
 26303 | D:15     | Killed Nessos
 27225 | Spider:1 | Entered Level 1 of the Spider Nest
 27350 | Spider:1 | Found a runed translucent door.
 27350 | Spider:1 | Found a shimmering altar of Xom.
 27350 | Spider:1 | Noticed Mesmaeker13's ghost (adept DsGl)
 27425 | Spider:1 | Killed Mesmaeker13's ghost
 27437 | Spider:1 | Got a shimmering quick blade
 27440 | Spider:1 | Identified the cursed +0 quick blade of Hepliaklqana
                  | {freeze, +Rage rC- Int+4 SInv} (You found it on level 1 of
                  | the Spider Nest)
 27592 | Spider:1 | Reached skill level 13 in Stealth
 28340 | Spider:2 | Noticed Kirke
 28351 | Spider:2 | Noticed a sphinx
 28354 | Spider:2 | Killed Kirke
 28837 | Spider:2 | Reached XP level 16. HP: 43/117 MP: 25/25
 29181 | Spider:2 | Noticed Arachne
 29191 | Spider:2 | Killed Arachne
 31483 | Spider:4 | Entered Level 4 of the Spider Nest
 31702 | Spider:4 | Reached skill level 14 in Stealth
 31735 | Spider:4 | Reached skill level 10 in Armour
 32131 | Spider:4 | Slain by a ghost moth

Levels and vault maps discovered:
D:1:      dpeg_arrival_rooms_with_view, layout_basic, st_stairs_7
D:2:      layout_rooms, uniq_jessica
D:3:      layout_basic, old_standard_altar, minmay_misc_feat_square
D:4:      layout_gridville, grunt_temple_overflow_open, first_ration,
          uniq_sigmund
D:5:      layout_loops_ring, lemuel_doored_altar,
          minmay_fractal_squares_gapless_5, uniq_blork_the_orc
D:6:      layout_gridville, minmay_temple_entry_junction, serial_shops, shop
D:7:      layout_basic, gammafunk_ghost_split, uniq_menkaure
D:8:      layout_basic, lemuel_coloured_pillars_altar
D:9:      layout_basic, amethyst_overflow_temple_binary, serial_shops,
          nicolae_shop_trees, special_room [special_room_orc], uniq_harold
D:10:     layout_gridville, due_lair_maze_entry_diamond, serial_shops, shop
D:11:     layout_basic, serial_ice, serial_ice_m, serial_ice_f, serial_ice_d,
          serial_ice_n, portal_ice_cave_entry_imps
D:12:     layout_roguey, orc_0_dummy, uniq_rupert
D:13:     layout_small_grid, david_vaults_1, special_room [special_room_orc],
          serial_bayou, serial_bayou_crossing, serial_bayou_shore_a,
          serial_bayou_ford_a, serial_bayou_pond_d, hangedman_pestilent_swarm,
          uniq_erolcha
D:14:     layout_basic, enter_bailey_2, lemuel_altar_in_water, uniq_azrael
D:15:     grunt_enter_depths_magical_seal, layout_irregular_city,
          roderic_roman_lattice, minmay_statue_crystal_thing, uniq_nessos,
          uniq_roxanne
Temple:   eino_temple_lava
Lair:1:   layout_layer_cave, gammafunk_ghost_necromancy
Lair:2:   layout_chaotic_city, cheibrodos_lair_caveside_slide,
          grunt_megastairs_2
Lair:3:   layout_regular_city, fungi_pond_lemuel
Lair:4:   layout_regular_city, elwin_shoals_entry_rocks,
          spider_nest_entry_funnel_web, uniq_snorg
Lair:5:   layout_long_grid, minmay_lair_drake_nest, grunt_megastairs_4
Lair:6:   minmay_lair_end_enchanted_forest, layout_cave_pods,
          minmay_slime_entry_oklob_enclosed, grunt_forest_stairs_basic,
          roderic_batcave, grunt_megastairs_3
Spider:1: layout_chambers, ebering_ghost_xom, drop_trap, nicolae_spider_shape
Spider:2: layout_spider_delve, uniq_arachne, uniq_kirke
Spider:3: layout_spider_delve
Spider:4: grunt_spider_rune_parallel, nicolae_spider_webs_and_nodes
Orc:1:    layout_caves, ebering_ghost_disaster_area
Orc:2:    st_orc_ogre_mass, layout_diamond_mine, minmay_shop_mass

Skill      XL: |  1  2  3  4  5  6  7  8  9 10 11 12 13 14 15 16 |
---------------+-------------------------------------------------+-----
Long Blades    | 3 4 |  4.5
Stealth        | 1 2 3 4 5 8 12 13 14 | 14.0
Dodging        | 3 4 5 6 7 8 9 10 11 12 | 12.0
Short Blades   | 1 2 3 4 6 9 10 12 13 | 13.7
Armour         | 1 2 3 4 5 6 7 8 9 10 | 10.0
Invocations    | 4 7 8 9 11 12 | 12.0
Fighting       | 4 6 8 |  8.0
Shields        | 4 6 8 |  8.3
Throwing       | |  1.7

Action                   |  1- 3 |  4- 6 |  7- 9 | 10-12 | 13-15 | 16-18 || total
-------------------------+-------+-------+-------+-------+-------+-------++-------
Melee: Long sword        |   110 |   145 |    30 |       |       |       ||   285
       Dagger            |       |       |   317 |       |       |       ||   317
       Rapier            |       |       |   288 |       |       |       ||   288
       Short sword       |       |       |    48 |   849 |  1920 |   425 ||  3242
Throw: Throwing net      |       |     1 |       |       |       |       ||     1
Invok: Stomp             |       |       |     4 |    11 |    42 |    31 ||    88
       Line Pass         |       |       |       |     5 |     9 |     2 ||    16
       Grand Finale      |       |       |       |       |     1 |       ||     1
Evoke: Wand              |       |       |    13 |       |    45 |     1 ||    59
  Use: Potion            |       |     5 |     2 |       |    11 |     2 ||    20
       Scroll            |       |     4 |     7 |     3 |    20 |     2 ||    36
 Stab: Sleeping          |       |     6 |    21 |    26 |    93 |    23 ||   169
       Paralysed         |       |       |     6 |    38 |    74 |    10 ||   128
       Confused          |       |       |       |     3 |     5 |     3 ||    11
       Distracted        |       |       |       |     1 |    12 |     5 ||    18
       Held in net/web   |       |       |       |       |       |     1 ||     1
  Eat: Chunk             |     2 |     6 |    15 |    11 |    18 |     5 ||    57
       Ration            |       |       |     1 |     4 |    11 |     3 ||    19
Armor: Leather armour    |    42 |    60 |       |       |       |       ||   102
       Ring mail         |       |    10 |    89 |       |       |       ||    99
       Steam dragon scal |       |       |    43 |   103 |   296 |   119 ||   561
Dodge: Dodged            |    87 |   114 |   414 |   569 |  1171 |   491 ||  2846
Block: Buckler           |       |       |       |       |   357 |   257 ||   614
       Rpst.: Long sword |    25 |    31 |    11 |       |       |       ||    67
